 Dungeon Crawl Stone Soup version 0.18-a0-1805-g8ab820f (webtiles) character file.

25 warlockg3 the Chiller (level 2, -1/22 HPs)
             Began as a Draconian Ice Elementalist on Apr 26, 2016.
             Slain by an adder (3 damage)
             ... on level 1 of the Dungeon.
             The game lasted 00:03:16 (506 turns).

warlockg3 the Chiller (Draconian Ice Elementalist)   Turns: 506, Time: 00:03:16

Health: -1/22      AC:  6    Str: 10    XL:     2   Next: 82%
Magic:  0/5        EV: 12    Int: 15    God:
Gold:   0          SH:  0    Dex: 11    Spells: 2 memorised, 2 levels left

rFire  + . .     SeeInvis .     (no weapon)
rCold  . . .     Gourm    .     (armour unavailable)
rNeg   . . .     Faith    .     (no shield)
rPois  .         Spirit   .     (helmet restricted)
rElec  .         Dismiss  .     (no cloak)
rCorr  .         Reflect  .     (no gloves)
SustAt .         Harm     .     n - +1 pair of boots
MR     .....                    (no amulet)
Stlth  ++........               j - ring of fire
                                i - ring of protection from cold

@: lethally poisoned (-1 -> -12), very slightly contaminated, not resistant to
hostile enchantments, unstealthy
A: unfitting armour, cold-blooded, AC +4
a: no special abilities


You were on level 1 of the Dungeon.
You were not hungry.

You visited 1 branch of the dungeon, and saw 1 of its levels.

Inventory:

Hand Weapons
 p - a +0 club
Armour
 n - a +1 pair of boots (worn)
Jewellery
 i - a ring of protection from cold (left hand)
 j - a ring of fire (right hand)
Scrolls
 e - a scroll of noise {unknown}
 f - a scroll of identify {unknown}
 g - a scroll of fog {unknown}
 l - a scroll of remove curse {unknown}
 o - a scroll of enchant weapon {unknown}
Potions
 c - 2 potions of heal wounds {unknown}
 h - a potion of haste {unknown}
 k - a potion of brilliance {unknown}
 m - 2 potions of ambrosia {unknown}
Books
 a - a book of Frost

   Spells                             Type                      Level
   a - Freeze                         Ice                          1
   b - Throw Frost                    Conjuration/Ice              2
   c - Ozocubu's Armour               Charms/Ice                   3
   d - Throw Icicle                   Conjuration/Ice              4
   e - Summon Ice Beast               Ice/Summoning                4
Comestibles
 b - 3 bread rations
 d - a slice of pizza


   Skills:
 + Level 0.4 Fighting
 + Level 2.2 Dodging
 + Level 1.7 Stealth
 + Level 0.2 Unarmed Combat
 + Level 2.4 Spellcasting
 + Level 1.0 Conjurations
 + Level 3.2 Ice Magic


You had 2 spell levels left.
You knew the following spells:

 Your Spells              Type           Power        Failure   Level  Hunger
a - Freeze                Ice            #...         8%          1    #......
b - Throw Frost           Conj/Ice       #.....       14%         2    ###....


Dungeon Overview and Level Annotations

Branches:
Dungeon (1/15)

Altars:


Innate Abilities, Weirdness & Mutations

Your plain brown scales are hard (AC +4).
Your body does not fit into most forms of armour.
You are cold-blooded and may be slowed by cold attacks.


Message History

* * * LOW HITPOINT WARNING * * *
You are too injured to fight recklessly!
Drink which item? (? for menu, Esc to quit)
Okay, then.
Casting: Freeze
Confirm with . or Enter, or press ? or * to list all spells.
Aiming: Freeze
Press: ? - help, Shift-Dir - straight line, f/p - adder
Aim: an adder (almost dead)
You feel a numb sensation.
You miscast Freeze.
A chill runs through your body. The adder bites you.
* * * LOW HITPOINT WARNING * * *
You are more poisoned.
The adder poisons you!
You are too injured to fight recklessly!
You closely miss the adder.
The adder is almost dead.
* * * LOW HITPOINT WARNING * * *
You feel sick. The adder bites you but does no damage. The adder bites you.
You die...

........# ♣..#######..###)..
..(......##..#...P.#.)#♣....
♣♣...#...<.#)..♣♣...
#.♣..#.....+..≈.....
##...'.....#....#..#
♣#..#.....#..≈♣.###
#..#######..♣♣## #
♣#...........# ####
♣S@..........###...
......♣♣#♣♣.#.#♣#♣#.....
...... ♣♣.♣♣ #...... #....
####♣####...... #..
#.............. #.
#.............. #
#..............
##.............
##...#...#####


You could see an adder.

Vanquished Creatures
  A dart slug (D:1)
  3 bats (D:1)
  3 goblins (D:1)
  3 hobgoblins (D:1)
  4 jackals (D:1)
  2 ball pythons (D:1)
  2 giant newts (D:1)
  A kobold (D:1)
  3 rats (D:1)
22 creatures vanquished.

Notes
Turn   | Place    | Note
--------------------------------------------------------------
     0 | D:1      | warlockg3 the Draconian Ice Elementalist began the quest for the Orb.
     0 | D:1      | Reached XP level 1. HP: 14/14 MP: 3/3
   194 | D:1      | Reached XP level 2. HP: 18/20 MP: 0/5
   299 | D:1      | Learned a level 2 spell: Throw Frost
   506 | D:1      | Slain by an adder

Vault maps used:
D:1:      saegor_arrival_under_anarchy, kennysheep_nondescript

Skill      XL: |  1 |
---------------+----+-----
Dodging        | 2 |  2.2
Fighting       | |  0.4
Stealth        | |  1.7
Unarmed Combat | |  0.2
Spellcasting   | |  2.4
Conjurations   | |  1.0
Ice Magic      | |  3.2

Action                   || total
-------------------------++-------
Melee: Unarmed           ||   107
       Tailslap          ||     7
 Cast: Freeze            ||    17
       Throw Frost       ||     1
 Stab: Sleeping          ||     1
Armor: Skin              ||    60
Dodge: Dodged            ||    86
